 Dungeon Crawl Stone Soup version 0.30-a0-187-gd9c2deaf24 (webtiles) character file.

Game seed: 4312660123176045334

16318 KennySheep the Martial Artist (level 12, -10/89 HPs)
             Began as a Vampire Earth Elementalist on Oct 4, 2022.
             Was a Priest of Jiyva.
             Engulfed by an ice statue's freezing vapour (16 damage)
             ... in an ice cave.
             The game lasted 00:41:21 (9004 turns).

KennySheep the Martial Artist (VpEE)                Turns: 9004, Time: 00:41:22

Health: -10/89     AC: 10    Str: 15    XL:     12   Next: 9%
Magic:  18/18      EV: 19    Int: 20    God:    Jiyva [***...]
Gold:   123        SH:  0    Dex: 17    Spells: 12/19 levels left

rFire   + . .      SeeInvis +      - Unarmed
rCold   . . .      Faith    .    (no shield)
rNeg    . . .      Spirit   .    L - +0 troll leather armour
rPois   .          Reflect  .    (no helmet)
rElec   .          Harm     .    r - scarf {+Inv}
rCorr   +          Rampage  .    A - +2 pair of gloves
Will    +....                    J - +1 pair of boots
Stlth   +++++.....               (no amulet)
HPRegen 2.46/turn                C - ring of protection from fire
MPRegen 0.51/turn                G - +6 ring of strength

@: healing quickly
A: alive, fangs 3, see invisible, vampiric 2, thin skeletal structure 1, wild
magic 3, gelatinous body 3, pseudopods 1, MP-powered wands
a: Exsanguinate, Renounce Religion, Evoke Invisibility, Oozemancy


You were in an ice cave.
You worshipped Jiyva.
Jiyva was most pleased with you.
You visited 1 branch of the dungeon, and saw 12 of its levels.
You also visited: Ice Cave.

You collected 439 gold pieces.
You spent 316 gold pieces at shops.

Inventory:

Hand Weapons
 c - a +0 short sword
Missiles
 B - a throwing net
Armour
 j - a +0 leather armour
 r - a scarf of invisibility (worn)
 w - a +0 robe
 x - a +0 pair of gloves
 A - a +2 pair of gloves (worn)
 J - a +1 pair of boots (worn)
 L - a +0 troll leather armour (worn)
 M - +0 steam dragon scales
Magical Staves
 a - a staff of earth
 u - a staff of death
Jewellery
 C - a ring of protection from fire (left hand)
 G - a +6 ring of strength (right hand)
Wands
 d - a wand of light (4)
 q - a wand of charming (5)
 D - a wand of polymorph (4)
 I - a wand of flame (9)
 K - a wand of iceblast (5)
Scrolls
 e - a scroll of vulnerability
 g - a scroll of magic mapping
 h - 2 scrolls of poison
 i - 2 scrolls of enchant weapon
 k - a scroll of silence
 v - 4 scrolls of teleportation
 y - 2 scrolls of identify
Potions
 b - 2 potions of magic
 f - a potion of degeneration
 l - a potion of resistance
 m - a potion of brilliance
 n - a potion of might
 o - a potion of haste
 p - 2 potions of curing
 s - a potion of flight
 t - a potion of heal wounds
 z - a potion of cancellation
 F - a potion of ambrosia {unknown}
 H - a potion of attraction {unknown}
 N - 2 potions of berserk rage {unknown}


   Skills:
 + Level 6.4 Fighting
 + Level 8.1 Dodging
 - Level 7.8 Stealth
 * Level 10.9 Unarmed Combat
 - Level 4.1 Spellcasting
 * Level 10.0 Transmutations
 * Level 6.8 Air Magic
 - Level 6.3 Earth Magic


You had 12 spell levels left.
You knew the following spells:

 Your Spells              Type           Power      Damage    Failure   Level
a - Sandblast             Erth           100%       2d20      7%          1
b - Passwall              Tmut/Erth      52%        N/A       6%          2
c - Petrify               Tmut/Erth      63%        N/A       19%         4

Your spell library contained the following spells:

 Spells                   Type           Power      Damage    Failure   Level
 Swiftness                Air            56%        N/A       12%         3
 Shock                    Conj/Air       100%       1d9       14%         1
 Poisonous Vapours        Pois/Air       66%        N/A       21%         2
 Cigotuvi's Dreadful Rot  Necr/Pois/Air  50%        N/A       28%         2
 Airstrike                Air            28%        2d(4-20)  28%         4
 Stone Arrow              Conj/Erth      64%        3d11      34%         3
 Kiss of Death            Conj/Necr      28%        2d7       38%         1
 Summon Small Mammal      Summ           28%        N/A       38%         1
 Call Canine Familiar     Summ           7%         N/A       69%         3
 Confusing Touch          Hex            7%         N/A       69%         3
 Summon Guardian Golem    Hex/Summ       7%         N/A       69%         3
 Dispel Undead            Necr           7%         3d8       95%         4
 Orb of Destruction       Conj           3%         9d5       100%        7
 Spellforged Servitor     Conj/Summ      3%         N/A       100%        7


Dungeon Overview and Level Annotations

Branches:
Dungeon (12/15)            Temple (0/1) D:7            Lair (0/5) D:10
    Orc (0/2) D:12          IceCv (1/1)

Altars:
Fedhas
Hepliaklqana
Kikubaaqudgha
Nemelex Xobeh
Qazlal
Sif Muna
Trog
Uskayaw
Vehumet
Xom
Jiyva

Shops:
D:1 *   D:9 **

Annotations:
D:5 1 exclusion IceCv exclusion: ice statue


Innate Abilities, Weirdness & Mutations

Your natural rate of healing is accelerated.
You have razor-sharp teeth.
You have supernaturally acute eyesight. (SInv)
You are afflicted with vampirism and can become a bat while bloodless.
You have a somewhat thin skeletal structure. (Dex +2, Stealth+)
Your spells are much harder to cast, but much more powerful.
Your gelatinous body deflects attacks. (AC +3, EV +3)
Armour fits poorly on your pseudopods.
You expend magic power (3 MP) to strengthen your wands.


Message History

You hit the ice statue.
You bite the ice statue, but do no damage.
You bludgeon the ice statue, but do no damage.
The ice statue is moderately damaged.
The ice statue gestures.
You hit the ice statue. You bite the ice statue.
The ice statue is moderately damaged.
The ice statue glitters chillingly in the dim dungeon light.
The ice statue gestures at you. The freezing blast misses you.
You hit the ice statue but do no damage.
You bludgeon the ice statue, but do no damage.
The ice statue is moderately damaged.
You are engulfed in freezing vapours.
The ice beast completely misses you. The ice statue gestures at you.
The freezing blast misses you.
You punch the ice statue!
You bite the ice statue, but do no damage.
You bludgeon the ice statue.
The ice statue is heavily damaged.
You are engulfed in freezing vapours.
The ice beast misses you.
You hit the ice statue but do no damage.
You punch the ice statue!
The ice statue is severely damaged.
You are engulfed in freezing vapours.
The ice beast closely misses you.
You hit the ice statue but do no damage.
The ice statue is severely damaged.
You are engulfed in freezing vapours.
The ice beast barely misses you.
You hit the ice statue.
You bludgeon the ice statue, but do no damage.
The ice statue is severely damaged.
You are engulfed in freezing vapours.
* * * LOW HITPOINT WARNING * * *
The ice statue gestures at you. The shard of ice hits you!!
* * * LOW HITPOINT WARNING * * *
Okay, then.
As you read the scroll of summoning, it crumbles to dust.
Wisps of shadow whirl around you...
You are engulfed in freezing vapours.
You die...

.. ##.# #..# ##..#
##...# ##...# ##....#
### #### #.....# #Y##
###.†####....###@8#
##..††##....###○hY##
....#†......##YYY°.##
...###......##....Y.#
..##
###...#..Y.Y##..# ###
##........# #.#
#........## ..#
##.......# .#
##.....## #


You could see an ice statue (ally target), an ice beast (summoned), 7 friendly
death yaks and a friendly polar bear (summoned).

Vanquished Creatures
  A two-headed ogre (D:12)
  3 death yaks
  Amaemon (D:11)
  A cyclops (D:10)
  An orange demon (D:11)
  An unseen horror (D:8)
  2 rime drakes (IceCv)
  Psyche (D:11)
  A komodo dragon (D:11)
  2 ice devils (D:12)
  3 trolls
  3 polar bears (IceCv)
  A hornet (D:10)
  Prince Ribbit (D:7)
  2 wraiths
  A shadow (D:11)
  22 yaks
  4 steam dragons
  A basilisk (shapeshifter) (D:8)
  An acid dragon (D:10)
  3 water moccasins
  A sky beast (D:8)
  2 black bears
  An ice beast (D:6)
  4 wolves (IceCv)
  11 centaurs
  An ogre (D:5)
  3 kobold brigands
  A gnoll sergeant (D:8)
  A necrophage (D:6)
  A scorpion (D:5)
  17 killer bees
  4 howler monkeys
  A hound (D:6)
  5 orc priests
  Jessica (D:3)
  2 iguanas
  11 orc wizards
  Terence (D:3)
  5 gnolls (D:8)
  8 adders
  A shadow imp (D:7)
  2 ufetubi (D:6)
  3 worms (D:2)
  A dart slug (D:1)
  21 orcs
  3 endoplasms
  2 giant cockroaches
  4 hobgoblins
  6 jackals
  16 kobolds
  5 quokkas
  9 ball pythons
  7 bats
  5 frilled lizards
  4 goblins
  6 rats
232 creatures vanquished.

Vanquished Creatures (collateral kills)
  A two-headed ogre (D:11)
  A death yak (D:10)
  A steam dragon (D:7)
  A hell rat (D:10)
4 creatures vanquished.

Vanquished Creatures (others)
  A water moccasin (D:5)
  A black bear (D:5)
  A phantom (D:5)
  A bullfrog (D:7)
  18 jellies
  3 orc priests
  An iguana (D:5)
  2 orc wizards (D:10)
  2 adders
  A river rat (D:10)
  A white imp (D:7)
  An ufetubus (D:6)
  8 orcs
  2 bats (D:3)
  2 endoplasms (D:3)
  A kobold (D:4)
  A frilled lizard (D:2)
  A rat (D:10)
  15 fungi
  5 plants (D:4)
  4 toadstools (D:7)
72 creatures vanquished.

Grand Total: 308 creatures vanquished

Notes
Turn   | Place    | Note
-------+----------+-------------------------------------------
     0 | D:1      | KennySheep the Vampire Earth Elementalist began the quest
                  | for the Orb.
     0 | D:1      | Reached XP level 1. HP: 13/13 MP: 3/3
    58 | D:1      | Found Jaeteofuz's Assorted Antiques.
   149 | D:1      | Reached XP level 2. HP: 19/19 MP: 0/5
  1179 | D:2      | Gained mutation: You are afflicted with vampirism and can
                  | become a bat while bloodless. [Vampire growth]
  1179 | D:2      | Reached XP level 3. HP: 25/25 MP: 3/6
  1260 | D:2      | Found a faded altar of an unknown god.
  1270 | D:2      | Learned a level 2 spell: Passwall
  1275 | D:2      | Prayed at the altar of an unknown god.
  1275 | D:2      | Became a worshipper of Jiyva Jong the Shapeless
  1275 | D:2      | Reached * piety under Jiyva
  1589 | D:2      | Reached ** piety under Jiyva
  1878 | D:3      | Identified the +9 mace of Cruel Justice {antimagic, rC+
                  | Str+4 Dex+2}
  1976 | D:3      | Reached XP level 4. HP: 31/31 MP: 5/7
  1995 | D:3      | Noticed Terence
  2053 | D:4      | Found a blossoming altar of Fedhas.
  2210 | D:4      | Reached *** piety under Jiyva
  2305 | D:4      | Reached skill level 1 in Fighting
  2305 | D:4      | Reached XP level 5. HP: 34/37 MP: 6/8
  2383 | D:5      | Entered Level 5 of the Dungeon
  2392 | D:5      | Reached skill level 1 in Unarmed Combat
  2416 | D:5      | Noticed a phantom
  2519 | D:3      | Killed Terence
  2643 | D:3      | Reached skill level 5 in Stealth
  2675 | D:3      | Gained mutation: You have a small jelly attached to you
                  | that may absorb projectiles. [Jiyva's grace]
  2675 | D:3      | Gained mutation: Armour fits poorly on your pseudopods.
                  | [Jiyva's grace]
  2675 | D:3      | Gained mutation: Armour fits poorly on your large
                  | pseudopods. [Jiyva's grace]
  2675 | D:3      | Gained mutation: Armour fits poorly on your massive
                  | pseudopods. [Jiyva's grace]
  2678 | D:3      | Noticed Jessica
  2682 | D:3      | Killed Jessica
  2683 | D:3      | Reached XP level 6. HP: 43/43 MP: 7/9
  3030 | D:5      | Noticed a water moccasin
  3037 | D:5      | Learned a level 4 spell: Petrify
  3266 | D:5      | Found a sparkling altar of Nemelex Xobeh.
  3473 | D:5      | Reached **** piety under Jiyva
  3672 | D:5      | Reached XP level 7. HP: 49/49 MP: 8/11
  3684 | D:5      | Found a shimmering altar of Xom.
  3733 | D:5      | Identified the +6 long sword of Conformity {vorpal, Contam
                  | rPois rN+ rCorr Int+3}
  4499 | D:7      | Noticed a steam dragon
  4502 | D:7      | Reached ***** piety under Jiyva
  4625 | D:7      | Killed a steam dragon
  4626 | D:7      | Reached skill level 5 in Earth Magic
  4626 | D:7      | Reached XP level 8. HP: 23/57 MP: 10/12
  4921 | D:7      | Found a large runed translucent door.
  4922 | D:7      | Found a large runed translucent door.
  4936 | D:7      | Found a shimmering blue altar of Sif Muna.
  5004 | D:7      | Noticed Prince Ribbit
  5022 | D:7      | Killed Prince Ribbit
  5212 | D:7      | Found a staircase to the Ecumenical Temple.
  5345 | D:7      | Found a bloodstained altar of Trog.
  5372 | D:8      | Noticed an unseen horror
  5427 | D:8      | Killed an unseen horror
  5428 | D:8      | Reached skill level 5 in Unarmed Combat
  5550 | D:8      | Gained mutation: Your rubbery body absorbs attacks. (AC +1,
                  | EV +1) [Jiyva's grace]
  5550 | D:8      | Gained mutation: Your pliable body absorbs attacks. (AC +2,
                  | EV +2) [Jiyva's grace]
  5550 | D:8      | Gained mutation: Your gelatinous body deflects attacks. (AC
                  | +3, EV +3) [Jiyva's grace]
  5550 | D:8      | Gained mutation: You have a somewhat thin skeletal
                  | structure. (Dex +2, Stealth+) [Jiyva's grace]
  5637 | D:8      | Reached skill level 5 in Transmutations
  5658 | D:8      | Reached XP level 9. HP: 60/64 MP: 12/14
  5849 | D:8      | Reached skill level 5 in Dodging
  5912 | D:8      | Found a hide-covered altar of Uskayaw.
  6136 | D:9      | Found Puthall's Assorted Antiques.
  6163 | D:9      | Bought a sharpened silver wand for 116 gold pieces
  6163 | D:9      | Bought a golden potion for 26 gold pieces
  6163 | D:9      | Bought a scroll of identify for 58 gold pieces
  6163 | D:9      | Bought a scroll of identify for 58 gold pieces
  6163 | D:9      | Bought a scroll of identify for 58 gold pieces
  6338 | D:9      | Reached XP level 10. HP: 73/73 MP: 16/16
  6641 | D:9      | Found Wacian's General Store.
  6859 | D:9      | Found a stormy altar of Qazlal.
  6878 | D:9      | Found a radiant altar of Vehumet.
  6879 | D:9      | Found an ancient bone altar of Kikubaaqudgha.
  6902 | D:10     | Entered Level 10 of the Dungeon
  6966 | D:10     | Found a staircase to the Lair.
  6966 | D:10     | Noticed a death yak
  6967 | D:10     | Noticed a death yak
  6967 | D:10     | Noticed a death yak
  6977 | D:10     | Killed a death yak
  6978 | D:10     | Reached skill level 1 in Air Magic
  7220 | D:10     | Reached skill level 5 in Fighting
  7220 | D:10     | Killed a death yak
  7221 | D:10     | Killed a death yak
  7624 | D:10     | Noticed a cyclops
  7637 | D:10     | Killed a cyclops
  7649 | D:10     | Paralysed by a hornet for 3 turns
  7656 | D:10     | Reached XP level 11. HP: 32/80 MP: 17/17
  7690 | D:10     | Found a hazy altar of Hepliaklqana.
  8024 | D:11     | Noticed Amaemon
  8038 | D:11     | Killed Amaemon
  8041 | D:11     | Reached skill level 5 in Air Magic
  8142 | D:11     | Found a radiant altar of Vehumet.
  8218 | D:11     | Reached skill level 10 in Unarmed Combat
  8224 | D:11     | Lost mutation: Armour fits poorly on your massive
                  | pseudopods. [Jiyva's grace]
  8224 | D:11     | Lost mutation: Armour fits poorly on your large pseudopods.
                  | [Jiyva's grace]
  8224 | D:11     | Lost mutation: You have a small jelly attached to you that
                  | may absorb projectiles. [Jiyva's grace]
  8224 | D:11     | Gained mutation: Your spells are a little harder to cast,
                  | but a little more powerful. [Jiyva's grace]
  8224 | D:11     | Gained mutation: Your spells are harder to cast, but more
                  | powerful. [Jiyva's grace]
  8224 | D:11     | Gained mutation: Your spells are much harder to cast, but
                  | much more powerful. [Jiyva's grace]
  8224 | D:11     | Gained mutation: You expend magic power (3 MP) to
                  | strengthen your wands. [Jiyva's grace]
  8288 | D:11     | Noticed Psyche
  8299 | D:11     | Killed Psyche
  8589 | D:11     | Noticed a two-headed ogre
  8601 | D:11     | Killed a two-headed ogre
  8673 | D:12     | Noticed a boulder beetle
  8783 | D:12     | Noticed a two-headed ogre
  8793 | D:12     | Killed a two-headed ogre
  8857 | D:12     | Found a frozen archway.
  8879 | IceCv    | Entered an ice cave
  8907 | IceCv    | Noticed a death yak
  8935 | IceCv    | Killed a death yak
  8936 | IceCv    | Reached XP level 12. HP: 51/89 MP: 18/18
  8939 | IceCv    | Reached skill level 10 in Transmutations
  9004 | IceCv    | Engulfed by an ice statue's freezing vapour

Illustrated notes

Levels and vault maps discovered:
D:1:      lightli_arrival_maybe_door_vault, layout_loops_ring, serial_aquarium,
          aquarium_bridge_straight [aquarium_subvault_bridge,
          aquarium_subvault_wall, aquarium_subvault_bridge,
          aquarium_subvault_wall], aquarium_bridge_square
          [aquarium_subvault_bridge, aquarium_subvault_wall,
          aquarium_subvault_window, aquarium_subvault_bridge],
          aquarium_window_fake, aquarium_window_2, aquarium_window_1,
          aquarium_view_2d, aquarium_view_2g, aquarium_balcony_3b, serial_shops,
          shop, minmay_misc_feat_secret_circle, dreamdust_wishing_well,
          minmay_tall_x
D:2:      layout_basic, ebering_ecumenical_altar_sacrificial, st_stairs_2
D:3:      layout_loops_cross, minmay_fractal_squares_5, uniq_terence,
          uniq_jessica
D:4:      layout_rooms, fedhas_altar_3, mainiacjoe_overflow_catwalk,
          minmay_small_thing
D:5:      layout_loops_corners, kennysheep_mini,
          mainiacjoe_overflow_concentric_impassable, minmay_misc_feat_tower,
          minmay_diced_spiral
D:6:      layout_rooms
D:7:      layout_loops_ring, kennysheep_little_box, jmf_multi_god_temple2,
          minmay_temple_entry_glassed_door, minmay_gold_behind_fungi,
          chequers_serial_rivers_room_a, chequers_serial_rivers_micro_b,
          uniq_prince_ribbit1
D:8:      layout_basic, lemuel_round_altar
D:9:      layout_roguey, nicolae_overflow_hidden_temple, serial_shops,
          nicolae_stop_n_shop_2, shop
D:10:     layout_loops_cross, nicolae_hepliaklqana_hippocampus,
          dpeg_lair_monsters
D:11:     layout_loops_ring, nicolae_vehumet_altar_sigil, uniq_amaemon,
          uniq_psyche
D:12:     layout_roguey, david_orc_5, portal_ice_cave_demonic_guard
IceCv:    ice_cave_small_giant

Skill      XL: |  1  2  3  4  5  6  7  8  9 10 11 12 |
---------------+-------------------------------------+-----
Transmutations | 2 3 4 5 6 8 9 10 | 10.0
Stealth        | 4 5 6 7 |  7.8
Fighting       | 1 2 3 4 5 6 |  6.4
Unarmed Combat | 1 2 3 5 7 9 10 | 10.9
Earth Magic    | 4 5 6 |  6.3
Dodging        | 3 4 6 7 8 |  8.1
Spellcasting   | 3 4 |  4.1
Air Magic      | 4 6 |  6.8

Action                   |  1- 3 |  4- 6 |  7- 9 | 10-12 || total
-------------------------+-------+-------+-------+-------++-------
Melee: Short sword       |    19 |    18 |       |       ||    37
       Bite              |     1 |     2 |    20 |    84 ||   107
       Unarmed           |       |       |   150 |   430 ||   580
       Pseudopods        |       |       |    43 |   131 ||   174
       Staff             |       |       |     4 |       ||     4
       Punch             |       |       |    10 |    39 ||    49
 Cast: Sandblast         |    56 |    75 |    79 |       ||   210
       Petrify           |       |       |     1 |     8 ||     9
       Passwall          |       |       |       |     3 ||     3
Invok: Oozemancy         |       |     1 |     2 |     5 ||     8
  Use: Scroll            |     1 |     4 |     9 |     3 ||    17
       Potion            |       |     2 |     4 |       ||     6
 Stab: Sleeping          |     3 |     3 |     3 |     3 ||    12
       Petrified         |       |       |     6 |    20 ||    26
       Petrifying        |       |       |       |     5 ||     5
Armor: Robe              |     6 |    16 |    22 |     8 ||    52
       Troll leather arm |       |       |       |   126 ||   126
Dodge: Dodged            |    24 |    69 |   131 |   530 ||   754

Table legend: (Time is in decaauts)
 A = Elapsed time spent in this place.
 B = Non-inter-level travel time spent in this place.
 C = Inter-level travel time spent in this place.
 D = Time resting spent in this place.
 E = Time spent auto-exploring this place.
 F = Levels seen in this place.
 G = Mean time per level.
                   A        B        C        D        E       F      G
               +--------+--------+--------+--------+--------+-----+--------+
         Total |   9014 |   8520 |    494 |    559 |   5763 |  13 |  693.4 |
       Dungeon |   8902 |   8408 |    494 |    550 |   5763 |  12 |  741.8 |
      Ice Cave |    112 |    112 |      0 |      9 |      0 |   1 |  112.0 |
               +--------+--------+--------+--------+--------+-----+--------+

Top non-repeatable levels by time:
     D:5: 1088 daAuts
     D:1: 1065 daAuts
     D:7: 916 daAuts
    D:11: 871 daAuts
     D:9: 852 daAuts
    D:10: 839 daAuts
     D:2: 814 daAuts
     D:8: 740 daAuts
     D:3: 713 daAuts
     D:6: 511 daAuts
     D:4: 363 daAuts
    D:12: 126 daAuts
   IceCv: 112 daAuts
